NCAA
IOWA HAWKEYES @ TEXAS TECH RED RAIDERS
05/14/2023
 
TOP OF THE 1ST
Iowa Hawkeyes batting - Pitching for Texas Tech Red Raiders : LHP John Knight
Pitching: LHP John Knight
Batting: RHB Rusty Anderson 0-0: Foul Ball, location: 2F
0-1: SINGLE (Groundball, 56D)
Batting: RHB Joe Zapata 0-0: Foul Ball, location: 2F
0-1: Foul Ball, location: 2F
0-2: Fly out, F3 (Popup, 3F)
Batting: RHB Cedric Price 0-0: Ball
1-0: Ball
Rusty Anderson steals 2nd base
2-0: Ball
3-0: Called Strike
3-1: Ground out 5-3 (Groundball, 56)
Batting: LHB Rob Davidson 0-0: Ball
1-0: Foul Ball, location: 2F
1-1: Ball
2-1: Foul Ball, location: 2F
2-2: Ground out 4-3 (Groundball, 34)
Top of the 1st over - 0 run(s), 1 hit(s), 0 error(s), 1 left on base; Iowa 0 - Texas Tech 0
BOTTOM OF THE 1ST
Texas Tech Red Raiders batting - Pitching for Iowa Hawkeyes : RHP Travis Davis
Pitching: RHP Travis Davis
Batting: RHB Terry Whitney 0-0: Ball
1-0: Fly out, F3 (Popup, 13)
Batting: LHB Albert Cardona 0-0: Foul Ball, location: 2F
0-1: Foul Ball, location: 2F
0-2: Foul Ball, location: 2F
0-2: Foul Ball, location: 2F
0-2: Ball
1-2: Foul Ball, location: 2F
1-2: Ball
2-2: Foul Ball, location: 2F
2-2: Strikes out swinging
Batting: RHB Luis Martínez 0-0: Foul Ball, location: 2F
0-1: Ball
1-1: Ball
2-1: Ground out 5-3 (Groundball, 56S)
Bottom of the 1st over - 0 run(s), 0 hit(s), 0 error(s), 0 left on base; Iowa 0 - Texas Tech 0
TOP OF THE 2ND
Iowa Hawkeyes batting - Pitching for Texas Tech Red Raiders : LHP John Knight
Batting: SHB Júlio Valentín 0-0: Ball
1-0: Foul Ball, location: 2F
1-1: Ball
2-1: Swinging Strike
2-2: Foul Ball, location: 2F
2-2: Ball
3-2: Foul Ball, location: 2F
3-2: SINGLE (Groundball, 56D)
Batting: RHB Craig Chapman 0-0: Ball
Passed Ball!
Júlio Valentín to second
1-0: Foul Ball, location: 2F
1-1: Foul Ball, location: 2F
1-2: Foul Ball, location: 2F
1-2: Ball
2-2: Strikes out swinging
Batting: RHB Tim Dunn 0-0: Ball
1-0: SINGLE (Groundball, 56D) - runner OUT being hit by batted ball.
Batting: RHB José Gonzáles 0-0: Ball
1-0: Foul Ball, location: 2F
1-1: SINGLE (Groundball, 56D)
Tim Dunn to second
Batting: RHB Manuel Gómez 0-0: Foul Ball, location: 2F
0-1: Ball
1-1: Foul Ball, location: 2F
1-2: Ball
2-2: Ball
3-2: Foul Ball, location: 2F
3-2: Ground out 6-3 (Groundball, 6MS)
Top of the 2nd over - 0 run(s), 3 hit(s), 0 error(s), 2 left on base; Iowa 0 - Texas Tech 0
BOTTOM OF THE 2ND
Texas Tech Red Raiders batting - Pitching for Iowa Hawkeyes : RHP Travis Davis
Batting: RHB Walton Smith 0-0: Called Strike
0-1: Foul Ball, location: 2F
0-2: Ball
1-2: Strikes out swinging
Batting: LHB Micheal Morgan 0-0: Called Strike
0-1: Ball
1-1: SINGLE (Line Drive, 56D)
Batting: RHB Doug Williams 0-0: Swinging Strike
0-1: Ball
1-1: Fly out, F6 (Line Drive, 6)
Batting: RHB Oliver Todd 0-0: Ball
1-0: Swinging Strike
1-1: Ball
2-1: Ball
3-1: Called Strike
3-2: Foul Ball, location: 2F
3-2: Foul Ball, location: 2F
3-2: Base on Balls
Micheal Morgan to second
Batting: RHB Steven Hill 0-0: Foul Ball, location: 2F
0-1: Called Strike
0-2: Ball
1-2: SINGLE (Line Drive, 78S)
Micheal Morgan to third
Oliver Todd to second
Batting: RHB Bruce Jones 0-0: Ball
1-0: Fly out, F2 (Popup, 2LF)
Bottom of the 2nd over - 0 run(s), 2 hit(s), 0 error(s), 3 left on base; Iowa 0 - Texas Tech 0
TOP OF THE 3RD
Iowa Hawkeyes batting - Pitching for Texas Tech Red Raiders : LHP John Knight
Batting: RHB Rusty Anderson 0-0: Ball
1-0: DOUBLE (Groundball, 5L)
Batting: RHB Joe Zapata 0-0: Called Strike
0-1: Ball
1-1: SINGLE (Line Drive, 6)
Rusty Anderson to third
Batting: RHB Cedric Price 0-0: Ball
1-0: Foul Ball, location: 2F
1-1: Grounds into double play, 6-4-3 (Groundball, 6)
Rusty Anderson scores
Batting: LHB Rob Davidson 0-0: SOLO HOME RUN (Flyball, 7D), Distance : 342 ft
Batting: SHB Júlio Valentín 0-0: Ground out 4-3 (Groundball, 4)
Top of the 3rd over - 2 run(s), 3 hit(s), 0 error(s), 0 left on base; Iowa 2 - Texas Tech 0
BOTTOM OF THE 3RD
Texas Tech Red Raiders batting - Pitching for Iowa Hawkeyes : RHP Travis Davis
Batting: RHB Terry Whitney 0-0: SINGLE (Groundball, 6)
Batting: LHB Albert Cardona 0-0: Called Strike
0-1: 2-RUN HOME RUN (Line Drive, 7LD), Distance : 337 ft
Batting: RHB Luis Martínez 0-0: Ball
1-0: Swinging Strike
1-1: Foul Ball, location: 2F
1-2: Foul Ball, location: 2F
1-2: Foul Ball, location: 2F
1-2: Ground out 2-3 (Groundball, 25)
Batting: RHB Walton Smith 0-0: Swinging Strike
0-1: Ball
1-1: Foul Ball, location: 2F
1-2: Ball
2-2: Strikes out swinging
Batting: LHB Micheal Morgan 0-0: Ball
1-0: Ball
2-0: Ball
3-0: Base on Balls
Batting: RHB Doug Williams 0-0: Ball
1-0: Ball
2-0: Ground out 6-3 (Groundball, 6)
Bottom of the 3rd over - 2 run(s), 2 hit(s), 0 error(s), 1 left on base; Iowa 2 - Texas Tech 2
TOP OF THE 4TH
Iowa Hawkeyes batting - Pitching for Texas Tech Red Raiders : LHP John Knight
Batting: RHB Craig Chapman 0-0: Ball
1-0: Ball
2-0: SINGLE (Line Drive, 5S)
Batting: RHB Tim Dunn 0-0: Ball
1-0: Ball
2-0: Foul Ball, location: 2F
2-1: Called Strike
2-2: Ball
3-2: Fly out, F6 (Popup, 6MD)
Batting: RHB José Gonzáles 0-0: Grounds into double play, 4-6-3 (Groundball, 4)
Top of the 4th over - 0 run(s), 1 hit(s), 0 error(s), 0 left on base; Iowa 2 - Texas Tech 2
BOTTOM OF THE 4TH
Texas Tech Red Raiders batting - Pitching for Iowa Hawkeyes : RHP Travis Davis
Batting: RHB Oliver Todd 0-0: SINGLE (Line Drive, 6MD)
Batting: RHB Steven Hill 0-0: Fielders Choice at 2nd, 5-4 (Groundball, 56)
Batting: RHB Bruce Jones 0-0: Ball
Passed Ball!
Steven Hill to second
1-0: 2-RUN HOME RUN (Line Drive, 7D), Distance : 375 ft
Batting: RHB Terry Whitney 0-0: Swinging Strike
0-1: Ball
1-1: Foul Ball, location: 2F
1-2: Strikes out swinging
Batting: LHB Albert Cardona 0-0: Fly out, F9 (Flyball, 9M)
Bottom of the 4th over - 2 run(s), 2 hit(s), 0 error(s), 0 left on base; Iowa 2 - Texas Tech 4
TOP OF THE 5TH
Iowa Hawkeyes batting - Pitching for Texas Tech Red Raiders : LHP John Knight
Batting: RHB Manuel Gómez 0-0: Ball
1-0: SINGLE (Groundball, 13) (infield hit)
Batting: RHB Rusty Anderson 0-0: Ball
1-0: Ball
2-0: Ball
3-0: Called Strike
3-1: Swinging Strike
3-2: Grounds into double play, 4-6-3 (Groundball, 4)
Batting: RHB Joe Zapata 0-0: Ball
1-0: Foul Ball, location: 2F
1-1: Ball
2-1: Foul Ball, location: 2F
2-2: Ground out 6-3 (Groundball, 6)
Top of the 5th over - 0 run(s), 1 hit(s), 0 error(s), 0 left on base; Iowa 2 - Texas Tech 4
BOTTOM OF THE 5TH
Texas Tech Red Raiders batting - Pitching for Iowa Hawkeyes : RHP Travis Davis
Batting: RHB Luis Martínez 0-0: Called Strike
0-1: Ball
1-1: Foul Ball, location: 2F
1-2: Ball
2-2: Ball
3-2: Base on Balls
Batting: RHB Walton Smith 0-0: Ball
1-0: Ball
2-0: Ball
3-0: Called Strike
3-1: Base on Balls
Luis Martínez to second
Pitching: RHP Stanley Russell
Batting: LHB Micheal Morgan 0-0: Called Strike
0-1: Foul Ball, location: 2F
0-2: Ground out 6-3 (Groundball, 6MS)
Luis Martínez to third
Walton Smith to second
Batting: RHB Doug Williams 0-0: Called Strike
0-1: Foul Ball, location: 2F
0-2: Strikes out looking
Batting: RHB Oliver Todd 0-0: Foul Ball, location: 2F
0-1: Ground out 6-3 (Groundball, 6S)
Bottom of the 5th over - 0 run(s), 0 hit(s), 0 error(s), 2 left on base; Iowa 2 - Texas Tech 4
TOP OF THE 6TH
Iowa Hawkeyes batting - Pitching for Texas Tech Red Raiders : LHP John Knight
Batting: RHB Cedric Price 0-0: Fly out, F8 (Flyball, 8LS)
Batting: LHB Rob Davidson 0-0: Called Strike
0-1: SINGLE (Line Drive, 78M)
Batting: SHB Júlio Valentín 0-0: Ball
Rob Davidson steals 2nd base
1-0: Foul Ball, location: 2F
1-1: SINGLE (Flyball, 89S)
Rob Davidson to third
Runner from 3rd tries for Home, SAFE, no throw or cutoff
Pitching: RHP Paul Fisher
Batting: RHB Craig Chapman 0-0: Ball
1-0: Called Strike
1-1: Ball
2-1: Ball
3-1: Ground out 4-3 (Groundball, 4M)
Júlio Valentín to second
Batting: RHB Tim Dunn 0-0: SINGLE (Flyball, 8LS)
Júlio Valentín to third
Runner from 3rd tries for Home, SAFE, no throw or cutoff
Batting: RHB José Gonzáles 0-0: Called Strike
0-1: TRIPLE (Groundball, 5L)
Tim Dunn scores
Batting: RHB Manuel Gómez 0-0: Ball
1-0: Ball
2-0: Ball
3-0: Base on Balls
Batting: RHB Rusty Anderson 0-0: Called Strike
0-1: Ball
1-1: Ball
2-1: Fly out, F9 (Line Drive, 89M)
Top of the 6th over - 3 run(s), 4 hit(s), 0 error(s), 2 left on base; Iowa 5 - Texas Tech 4
BOTTOM OF THE 6TH
Texas Tech Red Raiders batting - Pitching for Iowa Hawkeyes : RHP Stanley Russell
Batting: RHB Steven Hill 0-0: Foul Ball, location: 2F
0-1: Ball
1-1: Foul Ball, location: 2F
1-2: Ball
2-2: Foul Ball, location: 2F
2-2: Ball
3-2: Base on Balls
Batting: RHB Bruce Jones 0-0: Called Strike
0-1: Ball
Steven Hill is caught stealing 2nd base
1-1: Swinging Strike
1-2: Ball
2-2: Ball
3-2: Strikes out swinging
Batting: RHB Terry Whitney 0-0: Swinging Strike
0-1: Ball
1-1: Ball
2-1: Ball
3-1: Base on Balls
Batting: LHB Albert Cardona 0-0: Ball
1-0: Ball
2-0: Foul Ball, location: 2F
2-1: Swinging Strike
2-2: Ball
3-2: Base on Balls
Terry Whitney to second
Batting: RHB Luis Martínez 0-0: Ball
1-0: Ball
2-0: Ball
3-0: Base on Balls
Terry Whitney to third
Albert Cardona to second
Pitching: RHP Tom Rose
Batting: RHB Walton Smith 0-0: Fly out, F8 (Flyball, 8RM)
Bottom of the 6th over - 0 run(s), 0 hit(s), 0 error(s), 3 left on base; Iowa 5 - Texas Tech 4
TOP OF THE 7TH
Iowa Hawkeyes batting - Pitching for Texas Tech Red Raiders : RHP Paul Fisher
Batting: RHB Joe Zapata 0-0: Foul Ball, location: 2F
0-1: Ground out 6-3 (Groundball, 6)
Batting: RHB Cedric Price 0-0: Ball
1-0: Swinging Strike
1-1: Ball
2-1: Foul Ball, location: 2F
2-2: Foul Ball, location: 2F
2-2: Strikes out swinging
Batting: LHB Rob Davidson 0-0: Ball
1-0: Ball
2-0: Called Strike
2-1: Foul Ball, location: 2F
2-2: Foul Ball, location: 2F
2-2: Foul Ball, location: 2F
2-2: Strikes out looking
Top of the 7th over - 0 run(s), 0 hit(s), 0 error(s), 0 left on base; Iowa 5 - Texas Tech 4
BOTTOM OF THE 7TH
Texas Tech Red Raiders batting - Pitching for Iowa Hawkeyes : RHP Tom Rose
Batting: LHB Micheal Morgan 0-0: Called Strike
0-1: Ball
1-1: Fly out, F7 (Popup, 5D)
Batting: RHB Doug Williams 0-0: Ball
1-0: Ball
2-0: Ball
3-0: Called Strike
3-1: Base on Balls
Batting: RHB Oliver Todd 0-0: Called Strike
0-1: Ball
1-1: Called Strike
Doug Williams is caught stealing 2nd base
1-2: Ball
2-2: Foul Ball, location: 2F
2-2: Foul Ball, location: 2F
2-2: SOLO HOME RUN (Flyball, 7LD), Distance : 323 ft
Batting: RHB Steven Hill 0-0: Swinging Strike
0-1: SINGLE (Groundball, 4D)
Pinch Hitting: RHB Manuel Gonzáles 0-0: Ball
1-0: Swinging Strike
1-1: Ground out 1-3 (Groundball, 13S)
Bottom of the 7th over - 1 run(s), 2 hit(s), 0 error(s), 1 left on base; Iowa 5 - Texas Tech 5
TOP OF THE 8TH
Iowa Hawkeyes batting - Pitching for Texas Tech Red Raiders : RHP Paul Fisher
Now at 3B: Jeremy Kennedy
Batting: SHB Júlio Valentín 0-0: Ground out 3-1 (Groundball, 34)
Pitching: RHP Jorge Ramírez
Batting: RHB Craig Chapman 0-0: Foul Ball, location: 2F
0-1: Foul Ball, location: 2F
0-2: Strikes out swinging
Batting: RHB Tim Dunn 0-0: DOUBLE (Flyball, 8RM)
Batting: RHB José Gonzáles 0-0: Ball
1-0: Called Strike
1-1: Ground out 6-3 (Groundball, 6)
Top of the 8th over - 0 run(s), 1 hit(s), 0 error(s), 1 left on base; Iowa 5 - Texas Tech 5
BOTTOM OF THE 8TH
Texas Tech Red Raiders batting - Pitching for Iowa Hawkeyes : RHP Tom Rose
Batting: RHB Terry Whitney 0-0: Ball
1-0: Ground out 6-3 (Groundball, 6M)
Batting: LHB Albert Cardona 0-0: Foul Ball, location: 2F
0-1: Ball
1-1: SINGLE (Line Drive, 8LS)
Batting: RHB Luis Martínez 0-0: Called Strike
0-1: Ball
1-1: SINGLE (Groundball, 56D)
Albert Cardona to second
Batting: RHB Walton Smith 0-0: Grounds into double play, 5-4-3 (Groundball, 56)
Bottom of the 8th over - 0 run(s), 2 hit(s), 0 error(s), 1 left on base; Iowa 5 - Texas Tech 5
TOP OF THE 9TH
Iowa Hawkeyes batting - Pitching for Texas Tech Red Raiders : RHP Jorge Ramírez
Pitching: RHP Ronald Stone
Batting: RHB Manuel Gómez 0-0: Fly out, F8 (Flyball, 78M)
Batting: RHB Rusty Anderson 0-0: Foul Ball, location: 2F
0-1: Ball
1-1: Foul Ball, location: 2F
1-2: Ground out 5-3 (Groundball, 56S)
Batting: RHB Joe Zapata 0-0: Ball
1-0: Ball
2-0: Called Strike
2-1: Foul Ball, location: 2F
2-2: Fly out, F5 (Line Drive, 5L)
Top of the 9th over - 0 run(s), 0 hit(s), 0 error(s), 0 left on base; Iowa 5 - Texas Tech 5
BOTTOM OF THE 9TH
Texas Tech Red Raiders batting - Pitching for Iowa Hawkeyes : RHP Tom Rose
Batting: LHB Micheal Morgan 0-0: Ball
1-0: Ball
2-0: SINGLE (Flyball, 78M)
Batting: RHB Doug Williams 0-0: Called Strike
0-1: SINGLE (Groundball, 56D)
Micheal Morgan to second
Batting: RHB Oliver Todd 0-0: Ball
1-0: Called Strike
1-1: Ball
2-1: Ball
3-1: Base on Balls
Micheal Morgan to third
Doug Williams to second
Batting: RHB Steven Hill 0-0: Called Strike
0-1: Ball
1-1: Called Strike
1-2: Ball
2-2: Strikes out looking
Batting: RHB Jeremy Kennedy 0-0: SINGLE (Line Drive, 34D)
Micheal Morgan scores
This league is powered by Out of the Park Baseball, the baseball management simulation game for PC, Mac and Linux
Wednesday, December 2nd, 2015 - OOTP Baseball 16.8 Build 38